| TOP OF THE 1ST |
|
New Jersey Devils batting - Pitching for Windy City ThunderBolts : LHP Don Stanford
|
|
Pitching: LHP Don Stanford
|
|
|
Batting: RHB Sam Callahan
|
0-0: Called Strike 0-1: Fly out, F7 (Line Drive, 7S, EV 108.8 MPH)
|
|
Batting: RHB Bill Crogan
|
0-0: Ball 1-0: Foul Ball, location: 2F 1-1: Foul Ball, location: 2F 1-2: Strikes out looking
|
|
Batting: RHB Nate Henderson
|
0-0: Called Strike 0-1: Ball 1-1: Swinging Strike 1-2: Strikes out swinging
|
| Top of the 1st over - 0 runs, 0 hits, 0 errors, 0 left on base; New Jersey 0 - Windy City 0 |
| BOTTOM OF THE 1ST |
|
Windy City ThunderBolts batting - Pitching for New Jersey Devils : LHP Joe Edwards
|
|
Pitching: LHP Joe Edwards
|
|
|
Batting: RHB Enrique Gomez
|
0-0: Fly out, F8 (Flyball, 8LM, EV 91.2 MPH)
|
|
Batting: RHB David Laureano
|
0-0: Ball 1-0: Ball 2-0: Called Strike 2-1: Ball 3-1: Base on Balls
|
|
Batting: SHB Noah Long
|
0-0: Ball 1-0: Foul Ball, location: 2F 1-1: Ball Passed Ball! David Laureano to second 2-1: Foul Ball, location: 2F 2-2: Fly out, F9 (Line Drive, 9S, EV 85.0 MPH)
|
|
Batting: RHB Bill Stern
|
0-0: Called Strike 0-1: Foul Ball, location: 2F 0-2: Foul Ball, location: 2F 0-2: Ball 1-2: Ball 2-2: Ball 3-2: Ground out 5-3 (Groundball, 56, EV 86.2 MPH)
|
| Bottom of the 1st over - 0 runs, 0 hits, 0 errors, 1 left on base; New Jersey 0 - Windy City 0 |
| TOP OF THE 2ND |
|
New Jersey Devils batting - Pitching for Windy City ThunderBolts : LHP Don Stanford
|
|
Batting: RHB Eric Zylstra
|
0-0: Ball 1-0: Called Strike 1-1: Ball 2-1: Fly out, F7 (Flyball, 78M, EV 90.0 MPH)
|
|
Batting: RHB Mark Paddock
|
0-0: Called Strike 0-1: Ball 1-1: Ball 2-1: Swinging Strike 2-2: Foul Ball, location: 2F 2-2: Strikes out swinging
|
|
Batting: RHB Juan Medina
|
0-0: Ball 1-0: Ground out 5-3 (Groundball, 56, EV 108.8 MPH)
|
| Top of the 2nd over - 0 runs, 0 hits, 0 errors, 0 left on base; New Jersey 0 - Windy City 0 |
| BOTTOM OF THE 2ND |
|
Windy City ThunderBolts batting - Pitching for New Jersey Devils : LHP Joe Edwards
|
|
Batting: SHB Veit Geisler
|
0-0: Ball 1-0: Called Strike 1-1: Ball 2-1: SINGLE (Line Drive, 78S, EV 108.8 MPH)
|
|
Batting: RHB Joe Thomas
|
0-0: Called Strike Veit Geisler steals 2nd base 0-1: Foul Ball, location: 2F 0-2: Ball 1-2: Strikes out swinging
|
|
Batting: LHB Prince Nunley
|
0-0: Swinging Strike Passed Ball! Veit Geisler to third 0-1: Ball 1-1: Foul Ball, location: 2F 1-2: Ball 2-2: Strikes out swinging
|
|
Batting: RHB Joselito Santos
|
0-0: Fly out, F8 (Line Drive, 8LM, EV 90.0 MPH)
|
| Bottom of the 2nd over - 0 runs, 1 hit, 0 errors, 1 left on base; New Jersey 0 - Windy City 0 |
| TOP OF THE 3RD |
|
New Jersey Devils batting - Pitching for Windy City ThunderBolts : LHP Don Stanford
|
|
Batting: LHB Brad Guffin
|
0-0: Ball 1-0: Ball 2-0: Foul Ball, location: 2F 2-1: Swinging Strike 2-2: Strikes out swinging
|
|
Batting: RHB Dan Mathews
|
0-0: Foul Ball, location: 2F 0-1: Ball 1-1: Ball 2-1: Called Strike 2-2: Strikes out swinging
|
|
Batting: RHB Emanuel Anochondo
|
0-0: Ball 1-0: Called Strike 1-1: Foul Ball, location: 2F 1-2: Strikes out looking
|
| Top of the 3rd over - 0 runs, 0 hits, 0 errors, 0 left on base; New Jersey 0 - Windy City 0 |
| BOTTOM OF THE 3RD |
|
Windy City ThunderBolts batting - Pitching for New Jersey Devils : LHP Joe Edwards
|
|
Batting: RHB Nhat Phong
|
0-0: Ground out 5-3 (Groundball, 5S, EV 85.6 MPH)
|
|
Batting: RHB Enrique Gomez
|
0-0: Called Strike 0-1: Ball 1-1: Ball 2-1: Foul Ball, location: 2F 2-2: Fly out, F9 (Flyball, 89M, EV 96.9 MPH)
|
|
Batting: RHB David Laureano
|
0-0: Called Strike 0-1: Ball 1-1: Swinging Strike 1-2: Ball 2-2: Fly out, F8 (Flyball, 78M, EV 89.4 MPH)
|
| Bottom of the 3rd over - 0 runs, 0 hits, 0 errors, 0 left on base; New Jersey 0 - Windy City 0 |
| TOP OF THE 4TH |
|
New Jersey Devils batting - Pitching for Windy City ThunderBolts : LHP Don Stanford
|
|
Batting: RHB Sam Callahan
|
0-0: Ball 1-0: Ball 2-0: Ball 3-0: Called Strike 3-1: Base on Balls
|
|
Batting: RHB Bill Crogan
|
0-0: Swinging Strike 0-1: Swinging Strike 0-2: Ball 1-2: Ball 2-2: Foul Ball, location: 2F 2-2: Strikes out swinging
|
|
Batting: RHB Nate Henderson
|
0-0: Foul Ball, location: 2F 0-1: Fly out, F6 (Popup, 6D, EV 65.0 MPH)
|
|
Batting: RHB Eric Zylstra
|
0-0: Swinging Strike 0-1: Foul Ball, location: 2F 0-2: Strikes out swinging
|
| Top of the 4th over - 0 runs, 0 hits, 0 errors, 1 left on base; New Jersey 0 - Windy City 0 |
| BOTTOM OF THE 4TH |
|
Windy City ThunderBolts batting - Pitching for New Jersey Devils : LHP Joe Edwards
|
|
Batting: SHB Noah Long
|
0-0: Swinging Strike 0-1: Fly out, F8 (Flyball, 8LD, EV 101.9 MPH)
|
|
Batting: RHB Bill Stern
|
0-0: Ball 1-0: Ball 2-0: Ball 3-0: Called Strike 3-1: Called Strike 3-2: Foul Ball, location: 2F 3-2: Fly out, F8 (Flyball, 89S, EV 75.6 MPH)
|
|
Batting: SHB Veit Geisler
|
0-0: SINGLE (Groundball, 56S, EV 60.6 MPH) (infield hit)
|
|
Batting: RHB Joe Thomas
|
0-0: Called Strike 0-1: Ball 1-1: Ball Passed Ball! Veit Geisler to second 2-1: Ball 3-1: SINGLE (Line Drive, 5D, EV 95.6 MPH) Veit Geisler to third
|
|
Batting: LHB Prince Nunley
|
0-0: Ball 1-0: Swinging Strike 1-1: Ball 2-1: Foul Ball, location: 2F 2-2: Fly out, F8 (Flyball, 8RD, EV 104.4 MPH)
|
| Bottom of the 4th over - 0 runs, 2 hits, 0 errors, 2 left on base; New Jersey 0 - Windy City 0 |
| TOP OF THE 5TH |
|
New Jersey Devils batting - Pitching for Windy City ThunderBolts : LHP Don Stanford
|
|
Batting: RHB Mark Paddock
|
0-0: Called Strike 0-1: Ball 1-1: Fly out, F8 (Flyball, 89S, EV 91.2 MPH)
|
|
Batting: RHB Juan Medina
|
0-0: Called Strike 0-1: Ball 1-1: Ball 2-1: Ball 3-1: Called Strike 3-2: Foul Ball, location: 2F 3-2: Strikes out swinging
|
|
Batting: LHB Brad Guffin
|
0-0: Ball 1-0: Foul Ball, location: 2F 1-1: Ball 2-1: Foul Ball, location: 2F 2-2: Ball 3-2: Strikes out swinging
|
| Top of the 5th over - 0 runs, 0 hits, 0 errors, 0 left on base; New Jersey 0 - Windy City 0 |
| BOTTOM OF THE 5TH |
|
Windy City ThunderBolts batting - Pitching for New Jersey Devils : LHP Joe Edwards
|
|
Batting: RHB Joselito Santos
|
0-0: Ball 1-0: Ball 2-0: Called Strike 2-1: SINGLE (Groundball, 56S, EV 69.4 MPH) (infield hit)
|
|
Batting: RHB Nhat Phong
|
0-0: Ball 1-0: Fly out, F3 (Popup, 23F, EV 80.0 MPH)
|
|
Batting: RHB Enrique Gomez
|
0-0: Ball 1-0: Called Strike 1-1: Swinging Strike 1-2: Ball 2-2: Fly out, F3 (Popup, 3F, EV 68.1 MPH)
|
|
Pitching: RHP Jeremy Delka
|
|
|
Batting: RHB David Laureano
|
0-0: Called Strike 0-1: Ball 1-1: Ball 2-1: DOUBLE (Groundball, 5L, EV 100.6 MPH) Joselito Santos to third
|
|
Batting: SHB Noah Long
|
0-0: Ground out 4-3 (Groundball, 4, EV 103.8 MPH)
|
| Bottom of the 5th over - 0 runs, 2 hits, 0 errors, 2 left on base; New Jersey 0 - Windy City 0 |
| TOP OF THE 6TH |
|
New Jersey Devils batting - Pitching for Windy City ThunderBolts : LHP Don Stanford
|
|
Batting: RHB Dan Mathews
|
0-0: Ball 1-0: Swinging Strike 1-1: Swinging Strike 1-2: Ball 2-2: Ball 3-2: Strikes out looking
|
|
Batting: RHB Emanuel Anochondo
|
0-0: Called Strike 0-1: Ball 1-1: Foul Ball, location: 2F 1-2: Strikes out swinging, 2-3 out at first.
|
|
Batting: RHB Sam Callahan
|
0-0: Ball 1-0: Ground out 5-3 (Groundball, 5S, EV 77.5 MPH)
|
| Top of the 6th over - 0 runs, 0 hits, 0 errors, 0 left on base; New Jersey 0 - Windy City 0 |
| BOTTOM OF THE 6TH |
|
Windy City ThunderBolts batting - Pitching for New Jersey Devils : RHP Jeremy Delka
|
|
Batting: RHB Bill Stern
|
0-0: Swinging Strike 0-1: Ball 1-1: Swinging Strike 1-2: Ball 2-2: Foul Ball, location: 2F 2-2: Strikes out swinging
|
|
Batting: SHB Veit Geisler
|
0-0: Foul Ball, location: 2F 0-1: Foul Ball, location: 2F 0-2: SINGLE (Line Drive, 9S, EV 96.9 MPH)
|
|
Batting: RHB Joe Thomas
|
0-0: Foul Ball, location: 2F 0-1: Ball 1-1: Called Strike 1-2: Foul Ball, location: 2F 1-2: Strikes out swinging
|
|
Batting: LHB Prince Nunley
|
0-0: Swinging Strike 0-1: Ground out 1-3 (Groundball, 13S, EV 66.2 MPH)
|
| Bottom of the 6th over - 0 runs, 1 hit, 0 errors, 1 left on base; New Jersey 0 - Windy City 0 |
| TOP OF THE 7TH |
|
New Jersey Devils batting - Pitching for Windy City ThunderBolts : LHP Don Stanford
|
|
Batting: RHB Bill Crogan
|
0-0: Ball 1-0: Called Strike 1-1: Called Strike 1-2: Foul Ball, location: 2F 1-2: Strikes out swinging
|
|
Batting: RHB Nate Henderson
|
0-0: Ball 1-0: Ball 2-0: Ball 3-0: Called Strike 3-1: Fly out, F7 (Flyball, 78D, EV 103.1 MPH)
|
|
Batting: RHB Eric Zylstra
|
0-0: Ball 1-0: Called Strike 1-1: Swinging Strike 1-2: Foul Ball, location: 2F 1-2: Fly out, F9 (Flyball, 89D, EV 102.5 MPH)
|
| Top of the 7th over - 0 runs, 0 hits, 0 errors, 0 left on base; New Jersey 0 - Windy City 0 |
| BOTTOM OF THE 7TH |
|
Windy City ThunderBolts batting - Pitching for New Jersey Devils : RHP Jeremy Delka
|
|
Batting: RHB Joselito Santos
|
0-0: Foul Ball, location: 2F 0-1: Swinging Strike 0-2: Foul Ball, location: 2F 0-2: Strikes out swinging, 2-3 out at first.
|
|
Pinch Hitting: RHB Brad Adams Jr.
|
0-0: Called Strike 0-1: Fly out, F7 (Flyball, 7, EV 90.6 MPH)
|
|
Pinch Hitting: RHB Francisco Marin
|
0-0: Called Strike 0-1: Ball 1-1: Ball 2-1: Ground out 6-3 (Groundball, 6, EV 86.2 MPH)
|
| Bottom of the 7th over - 0 runs, 0 hits, 0 errors, 0 left on base; New Jersey 0 - Windy City 0 |
| TOP OF THE 8TH |
|
New Jersey Devils batting - Pitching for Windy City ThunderBolts : LHP Don Stanford
|
|
Now at 3B: Andres Agudo
|
|
|
Now in CF: Jose Pereyra
|
|
|
Batting: RHB Mark Paddock
|
0-0: Swinging Strike 0-1: Foul Ball, location: 2F 0-2: Strikes out swinging
|
|
Batting: RHB Juan Medina
|
0-0: Swinging Strike 0-1: Ball 1-1: Ground out 6-3 (Groundball, 6, EV 88.1 MPH)
|
|
Batting: LHB Brad Guffin
|
0-0: Ball 1-0: Fly out, F8 (Flyball, 8LXD, EV 93.1 MPH)
|
| Top of the 8th over - 0 runs, 0 hits, 0 errors, 0 left on base; New Jersey 0 - Windy City 0 |
| BOTTOM OF THE 8TH |
|
Windy City ThunderBolts batting - Pitching for New Jersey Devils : RHP Jeremy Delka
|
|
Pitching: RHP Justin Williams
|
|
|
Batting: RHB David Laureano
|
0-0: Called Strike 0-1: Swinging Strike 0-2: Fly out, F7 (Flyball, 7LS, EV 90.6 MPH)
|
|
Batting: SHB Noah Long
|
0-0: Swinging Strike 0-1: Ball 1-1: Ball 2-1: Ball 3-1: SINGLE (Line Drive, 9S, EV 94.4 MPH)
|
|
Batting: RHB Bill Stern
|
0-0: Called Strike 0-1: SINGLE (Line Drive, 4MD, EV 110.0 MPH) Noah Long to second
|
|
Batting: SHB Veit Geisler
|
0-0: Ball Wild Pitch! Noah Long to third Bill Stern to second 1-0: Intentional Walk
|
|
Batting: RHB Joe Thomas
|
0-0: SINGLE (Groundball, 4M, EV 103.8 MPH) Noah Long scores Bill Stern to third Veit Geisler to second
|
|
Batting: LHB Prince Nunley
|
0-0: Ball 1-0: Ball 2-0: Called Strike 2-1: Foul Ball, location: 2F 2-2: SINGLE (Groundball, 4, EV 111.9 MPH) (infield hit) Bill Stern scores Veit Geisler to third Joe Thomas to second
|
|
Batting: RHB Joselito Santos
|
0-0: Ball 1-0: Ball 2-0: Foul Ball, location: 2F 2-1: Ball 3-1: Foul Ball, location: 2F 3-2: Reached on error, E5 (Groundball, 56S, EV 88.1 MPH) Veit Geisler scores Joe Thomas to third Prince Nunley to second
|
|
Pitching: LHP Bryce Anderson
|
|
|
Batting: SHB Andres Agudo
|
0-0: Ball 1-0: DOUBLE (Line Drive, 5D, EV 95.6 MPH) Joe Thomas scores Prince Nunley scores Joselito Santos to third Runner from 3rd tries for Home, throw by LF and OUT! 7-6-2
|
|
Batting: LHB Jose Pereyra
|
0-0: Ball Passed Ball! Andres Agudo to third 1-0: Called Strike 1-1: Foul Ball, location: 2F 1-2: Ball Passed Ball! Andres Agudo scores 2-2: Ground out 5-3 (Groundball, 56S, EV 80.6 MPH)
|
| Bottom of the 8th over - 6 runs, 5 hits, 1 error, 0 left on base; New Jersey 0 - Windy City 6 |
| TOP OF THE 9TH |
|
New Jersey Devils batting - Pitching for Windy City ThunderBolts : LHP Don Stanford
|
|
Batting: RHB Dan Mathews
|
0-0: Foul Ball, location: 2F 0-1: Ball 1-1: SINGLE (Flyball, 89S, EV 97.5 MPH)
|
|
Batting: RHB Emanuel Anochondo
|
0-0: Ball 1-0: Called Strike 1-1: Called Strike 1-2: Ball 2-2: Strikes out looking
|
|
Pitching: LHP Humberto Carrera
|
|
|
Batting: RHB Sam Callahan
|
0-0: Called Strike 0-1: Called Strike 0-2: Ball 1-2: Ball 2-2: Fly out, F9 (Line Drive, 9LS, EV 93.8 MPH)
|
|
Batting: RHB Bill Crogan
|
0-0: Foul Ball, location: 2F 0-1: Swinging Strike 0-2: Fielders Choice at 2nd, 6-4 (Groundball, 6, EV 105.0 MPH)
|
| Top of the 9th over - 0 runs, 1 hit, 0 errors, 1 left on base; New Jersey 0 - Windy City 6 |
|